[Event "Serbian League 2024"]
[Site "Bajina Basta"]
[Date "2024.10.01"]
[Round "5.1"]
[White "Predke, Alexandr"]
[Black "Kuybokarov, Temur"]
[Result "1/2-1/2"]
[Annotator "TA"]
[ECO "A33"]
[WhiteElo "2671"]
[BlackElo "2562"]
[PlyCount "85"]
[EventDate "2024.09.26"]
[EventType "team-tourn"]
[EventCountry "SRB"]
[SourceTitle "playchess.com"]
[Source "ChessBase"]
[SourceQuality "1"]
[TimeControl "40/5400+30:1800+30"]

1. Nf3 Nf6 2. c4 c5 3. Nc3 Nc6 4. d4 cxd4 5. Nxd4 e6 6. Ndb5 d5 7. Bf4 e5 8. cxd5 exf4 9. dxc6 bxc6 10. Qxd8+ Kxd8 11. Nd4 Bd7 {[%emt 0:18:53] The position is equal.} 12. g3 Bb4 13. gxf4 Nd5 14. O-O-O Bxc3 15. bxc3 Nxc3 16. Rd2 Ne4 17. Rc2 Nxf2 18. Rg1 g6 19. Bg2 Rc8 20. Nxc6+ Bxc6 21. Bxc6 Ke7 22. Rg2 Nh3 23. e3 Rhd8 24. Bb5 h6 25. Ba6 (25. a4 {is more complex.} g5 26. Rg3 Nf2 27. fxg5 Ne4 28. Rg4) 25... Rxc2+ 26. Rxc2 $11 {[%emt 0:00:03][%mdl 4096] Endgame. KRB-KRN} g5 27. Bf1 Ng1 28. Rc5 gxf4 29. exf4 {[%emt 0:00:03] And now Rc3 would win.} Rd4 30. Rc7+ Kf6 31. Rxa7 Rxf4 32. Bb5 Rh4 33. Be8 Rxh2 34. Rxf7+ Ke5 35. a4 h5 36. Rh7 Ne2+ 37. Kb2 Nf4+ 38. Kb3 Rh3+ 39. Kc4 Nd5 40. Rxh5+ Rxh5 41. Bxh5 {[%emt 0:30:03] [#] Strongly threatening Kc5.} Nb6+ 42. Kb5 Nxa4 43. Kxa4 {[%emt 0:00:02] Not much happened in this game.   Weighted Error Value: White=0.01 (flawless) /Black=0.01 (flawless) .  OK:         	White=14    	Black=21     Best:        	---       	Black=1} 1/2-1/2

[Event "Serbian League 2024"]
[Site "Bajina Basta"]
[Date "2024.10.01"]
[Round "5.2"]
[White "Sychev, Klementy"]
[Black "Puranik, Abhimanyu"]
[Result "1/2-1/2"]
[Annotator "TA"]
[ECO "C64"]
[WhiteElo "2532"]
[BlackElo "2639"]
[PlyCount "44"]
[EventDate "2024.09.26"]
[EventType "team-tourn"]
[EventCountry "SRB"]
[SourceTitle "playchess.com"]
[Source "ChessBase"]
[SourceQuality "1"]
[TimeControl "40/5400+30:1800+30"]

1. e4 e5 2. Nf3 Nc6 3. Bb5 a6 4. Ba4 Bc5 5. c3 Nge7 6. O-O Ng6 7. d4 Ba7 8. Bxc6 dxc6 {[%emt 0:00:48] White has an edge.} 9. Nxe5 Nxe5 10. dxe5 O-O 11. Qe2 (11. Qxd8 {simplifies} Rxd8 12. Nd2 h6 13. Re1) 11... Qh4 {[%emt 0:00:18] The position is equal.} 12. Nd2 Bg4 13. Nf3 Qh5 14. Be3 Bxe3 15. Qxe3 Bxf3 16. Qxf3 Qxe5 17. Rad1 Rad8 18. Qg3 Qe7 19. Qf4 Rd7 20. Rxd7 Qxd7 21. g3 g6 22. Re1 Re8 {[%emt 0:04:19] Weighted Error Value: White=0.03 (flawless) /Black=0.01 (flawless) .  OK:         	White=7     	Black=8} 1/2-1/2

[Event "Serbian League 2024"]
[Site "Bajina Basta"]
[Date "2024.10.01"]
[Round "5.3"]
[White "Gagunashvili, Merab"]
[Black "Maksimovic, Bojan"]
[Result "1/2-1/2"]
[Annotator "RC"]
[ECO "A40"]
[WhiteElo "2550"]
[BlackElo "2503"]
[PlyCount "127"]
[EventDate "2024.09.26"]
[EventType "team-tourn"]
[EventCountry "SRB"]
[SourceTitle "playchess.com"]
[Source "ChessBase"]
[SourceQuality "1"]
[TimeControl "40/5400+30:1800+30"]

1. d4 e6 2. c4 Bb4+ 3. Bd2 a5 4. g3 d5 5. Qc2 dxc4 6. Nf3 Nc6 7. Qxc4 Qd5 8. Qd3 Nf6 9. Nc3 Bxc3 10. bxc3 b6 11. Bg2 Ba6 12. Qc2 O-O-O 13. O-O Qc4 14. e3 Qd3 15. Qxd3 Bxd3 16. Ng5 Bxf1 17. Bxc6 Bd3 18. Nxf7 Be4 19. Bxe4 Nxe4 20. Be1 Nd6 21. Nxh8 Rxh8 22. f3 Nc4 23. Kf2 c6 24. Ke2 b5 25. g4 Kd7 26. Bg3 a4 27. e4 Ke7 28. Rg1 Kf7 29. Bf4 h5 30. h3 hxg4 31. hxg4 Ke7 32. Rd1 Kd7 33. Bg3 Nb2 34. Rb1 Nc4 35. Rd1 Nb2 36. Rb1 Nc4 37. d5 exd5 38. exd5 Re8+ 39. Kf2 Nb6 40. dxc6+ Kxc6 41. Re1 Rxe1 42. Kxe1 Kd5 43. Kd2 Kc4 44. Be5 g6 45. f4 Kd5 46. Kd3 Nc4 47. Bd4 Nb2+ 48. Kc2 Nc4 49. f5 gxf5 50. gxf5 Nd6 51. f6 b4 52. Bg1 bxc3 53. Bh2 Ke6 54. Bxd6 Kxf6 55. Kxc3 Ke6 56. Bg3 Kd5 57. Kb4 Kc6 58. Ka5 Kb7 59. Kxa4 Ka8 60. Kb5 Kb7 61. a4 Ka8 62. a5 Kb7 63. a6+ Ka8 64. Kb6 1/2-1/2

[Event "Serbian League 2024"]
[Site "Bajina Basta"]
[Date "2024.10.01"]
[Round "5.4"]
[White "Pap, Misa"]
[Black "Draskovic, Luka"]
[Result "1/2-1/2"]
[Annotator "RC"]
[ECO "C70"]
[WhiteElo "2389"]
[BlackElo "2497"]
[PlyCount "58"]
[EventDate "2024.09.26"]
[EventType "team-tourn"]
[EventCountry "SRB"]
[SourceTitle "playchess.com"]
[Source "ChessBase"]
[SourceQuality "1"]
[TimeControl "40/5400+30:1800+30"]

1. e4 e5 2. Nf3 Nc6 3. Bb5 a6 4. Ba4 Nge7 5. c3 Ng6 6. d4 exd4 7. cxd4 Bb4+ 8. Nc3 d5 9. O-O dxe4 10. Ng5 Be7 11. Ncxe4 O-O 12. d5 Bxg5 13. Bxg5 Nce7 14. d6 cxd6 15. Qxd6 Be6 16. Rfe1 b5 17. Bd1 Qxd6 18. Nxd6 Rad8 19. Ne4 h6 20. Bxe7 Nxe7 21. Nc5 Rd6 22. Bb3 Bxb3 23. axb3 Rc8 24. b4 Nd5 25. Red1 Rcc6 26. Nb7 Rd7 27. Nc5 Rdd6 28. Nb7 Rd7 29. Nc5 Rdd6 1/2-1/2

[Event "Serbian League 2024"]
[Site "Bajina Basta"]
[Date "2024.10.01"]
[Round "5.5"]
[White "Bryakin, Mikhail"]
[Black "Damljanovic, Branko"]
[Result "0-1"]
[Annotator "TA"]
[ECO "A41"]
[WhiteElo "2438"]
[BlackElo "2354"]
[PlyCount "102"]
[EventDate "2024.09.26"]
[EventType "team-tourn"]
[EventCountry "SRB"]
[SourceTitle "playchess.com"]
[Source "ChessBase"]
[SourceQuality "1"]
[TimeControl "40/5400+30:1800+30"]

1. d4 d6 2. c4 e5 3. Nf3 Nc6 4. Nc3 Bd7 5. d5 Nce7 6. e4 {[%emt 0:01:24] A41: 1 d4 d6: Tartakower System and Modern Defence.} Nf6 7. Be2 Ng6 8. g3 Be7 9. h4 h6 10. h5 $146 ({Predecessor:} 10. Be3 Ng4 11. Bd2 c6 12. h5 Qb6 13. c5 Qxc5 14. O-O Qb6 15. hxg6 fxg6 16. Nh4 Nxf2 17. Rxf2 Bxh4 18. gxh4 {1-0 Bluebaum,M (2669)-Demchenko,A (2623) Titled Tuesday intern op 02nd May Early blitz 2023 (6)}) 10... Nf8 11. Nh4 N8h7 12. Be3 Qc8 13. Qd3 c6 14. Rc1 O-O 15. b4 Re8 16. Bd2 cxd5 17. cxd5 Bd8 18. O-O Qb8 (18... Bb6 $5) 19. Kg2 Bb6 20. Be3 (20. g4 $11) 20... Qd8 ({Better is} 20... Bxe3 $17 21. Qxe3 Ng5) 21. Bd2 a5 (21... Ng5 {looks sharper.} 22. Rh1 Rc8 23. f3 Nxh5 24. Nf5 Bxf5 25. exf5 Nf6) 22. b5 a4 23. Rh1 a3 $1 24. Nd1 Ra4 25. Nc3 (25. f3 $15) 25... Rd4 26. Qc2 Ng5 27. Bxg5 (27. Nf3 $17 Nxf3 28. Bxf3) 27... hxg5 $19 28. Nf3 Rb4 29. Rb1 Rxb1 30. Qxb1 Ng4 ({Black should play} 30... Qc7 $1 $19 31. Na4 Bxf2) 31. Nd1 $17 Qf6 $1 32. Rf1 {[%emt 0:00:25] [#]} Qh6 $1 33. Rh1 Nf6 34. Nd2 g4 35. Nc4 Bc5 36. Nde3 Qg5 (36... Nxh5 37. Nxg4 (37. Bxg4 Bxg4 38. Nxg4 Qg5 $11) 37... Qg6 38. Rh4 $17) 37. Rh4 b6 (37... Nxh5 38. Qh1 (38. Bxg4 Nf4+ 39. Kf3 Ng6 $14) 38... g6 39. Bxg4 Nf4+ 40. gxf4 $16) 38. Bd1 Kf8 (38... Nxh5 39. Bxg4 (39. Nxg4 $2 Nf4+ 40. Kg1 Rc8 $19) 39... Nf4+ 40. Kf3 $14 (40. gxf4 Qxh4 41. Bxd7 Re7 $17)) 39. Be2 Ke7 (39... Nxh5 40. Bxg4 Bxg4 (40... Nf4+ 41. Kg1 $16) 41. Rxg4 $11) 40. Bd1 $2 (40. Qc1 $17 Kf8 (40... Nxe4 41. Bxg4 Bxe3 42. Nxe3 $11) 41. Qc2) 40... Rh8 $19 (40... Nxh5 41. Bxg4 (41. Nxg4 $2 Nf4+ 42. Kg1 Ng6 $19) 41... Rh8 42. Bxd7 Kxd7 43. Kh2 $19) 41. Be2 Rxh5 ({Don't do} 41... Nxh5 42. Rh1 (42. Bxg4 $2 Nf4+ 43. Kg1 Rxh4 $19) 42... Nf4+ 43. gxf4 Rxh1 44. Qxh1) 42. Rxh5 Qxh5 ({Less strong is} 42... Nxh5 43. Qd1 Nf6 (43... Bxb5 44. Nxd6 Bxe2 45. Nef5+ Kf8 46. Qxe2 $19) 44. Bd3 $19) 43. Kg1 g6 44. Nd2 Nh7 45. Qd3 Ng5 46. Kg2 Nh3 47. Nb3 Nf4+ 48. gxf4 Qh3+ 49. Kg1 {[%emt 0:00:04] [#]} g3 $1 ({Worse is} 49... exf4 50. Nxc5 fxe3 51. Nxd7 $11) 50. Nf5+ Bxf5 51. Nxc5 Qh2+ 0-1

[Event "Serbian League 2024"]
[Site "Bajina Basta"]
[Date "2024.10.01"]
[Round "5.6"]
[White "Ivanovic, Marko"]
[Black "Radovanovic, Mihajlo"]
[Result "1/2-1/2"]
[Annotator "TA"]
[ECO "D58"]
[WhiteElo "2240"]
[BlackElo "2426"]
[PlyCount "76"]
[EventDate "2024.09.26"]
[EventType "team-tourn"]
[EventCountry "SRB"]
[SourceTitle "playchess.com"]
[Source "ChessBase"]
[SourceQuality "1"]
[TimeControl "40/5400+30:1800+30"]

1. d4 d5 2. c4 e6 3. Nc3 Be7 4. Nf3 Nf6 5. Bg5 h6 6. Bh4 O-O 7. e3 b6 8. Qc2 Bb7 9. Bxf6 Bxf6 10. O-O-O Nd7 11. cxd5 exd5 12. g4 g6 13. h4 Bg7 14. h5 g5 15. Bd3 Re8 16. Kb1 a6 17. Bf5 b5 18. Rhe1 Nb6 $1 19. e4 b4 20. Nxd5 Nxd5 21. exd5 Bxd5 22. Ne5 a5 23. Bh7+ (23. Bd7 $2 Rxe5 24. dxe5 Qxd7 $19) 23... Kh8 24. Be4 a4 25. Qc5 (25. Bxd5 {simplifies} Qxd5 26. Qe4 Qxe4+ 27. Rxe4 Kg8 28. Rde1) 25... Bxe4+ (25... Rxe5 $2 26. dxe5 Bxe4+ 27. Kc1 $18) 26. Rxe4 Kg8 (26... Rxe5 $11 27. Rxe5 Bxe5 28. Qxe5+ Kg8) 27. Rde1 (27. Qxb4 $2 Rxe5 28. Rxe5 Bxe5 $19) (27. Nc6 $1 $16 Qf6 28. Ne7+ Kh7 29. Qc2 (29. Qxc7 b3 $17) (29. Qxb4 $2 Bf8 $19)) 27... b3 $11 {[%emt 0:02:51] The position is equal.} 28. axb3 axb3 {[%emt 0:00:28][%cal Oe8e5] [#] And now ...Rxe5! would win.} 29. Qc4 {[%emt 0:00:11] Active counter play!} Bxe5 30. Qxb3 Re6 {[%emt 0:10:03] aiming for ...Rb6.} 31. Rxe5 Rb6 32. Qc3 Qd7 33. d5 f6 34. Re7 Qxd5 35. Re8+ (35. Qxc7 {leads to mate.} Qd3+ (35... Qa2+ 36. Kc2 Rxb2+ 37. Kd3 Rd2+ 38. Kc3 Ra3+ 39. Kb4 Rb3+ 40. Kc5 Qc2#) 36. Qc2 Rxb2+ (36... Ra1+ $2 37. Kxa1 Ra6+ 38. Kb1 $18) 37. Kxb2 Qa3+ 38. Kb1 Qa1#) 35... Rxe8 36. Rxe8+ Kf7 37. Qxc7+ (37. Re1 $11 Rc6 38. Qa3 (38. Qe3 Re6 $11)) 37... Kxe8 $14 38. Qxb6 Qd1+ {[%emt 0:00:11] An interesting draw.   Weighted Error Value: White=0.08 (flawless) /Black=0.07 (flawless) .  Mistake:       	White=2     	Black=1      Inaccurate:     	White=1     	Black=1      OK:         	White=12    	Black=15     Best:        	---       	Black=3      Strong:       	---       	Black=1} 1/2-1/2

[Event "Serbian League 2024"]
[Site "Bajina Basta"]
[Date "2024.10.01"]
[Round "5.7"]
[White "Nadj Hedjesi, Balind"]
[Black "Indjic, Aleksandar"]
[Result "1/2-1/2"]
[Annotator "TA"]
[ECO "A45"]
[WhiteElo "2212"]
[BlackElo "2611"]
[PlyCount "23"]
[EventDate "2024.09.26"]
[EventType "team-tourn"]
[EventCountry "SRB"]
[SourceTitle "playchess.com"]
[Source "ChessBase"]
[SourceQuality "1"]
[TimeControl "40/5400+30:1800+30"]

1. d4 Nf6 2. g4 h6 3. Bg2 d5 4. h3 c5 5. c4 e6 6. cxd5 exd5 7. Nf3 Nc6 8. Nc3 {[%emt 0:01:48] The position is equal.} Ne4 9. Nxe4 dxe4 10. Ne5 {[%emt 0:00:30] Black should prevent Nxc6.} Qd5 ({Much weaker is} 10... Nxd4 $6 11. e3 Nc6 12. Nxc6 bxc6 13. Bxe4 $16) (10... cxd4 $11 {was preferrable.} 11. Nxc6 bxc6) 11. Nxc6 $14 bxc6 12. Be3 {[%emt 0:01:59] Black did not feel at home in the position after the opening.   Weighted Error Value: White=0.01 (flawless) /Black=0.25 (precise) .  Mistake:       	---       	Black=1      OK:         	White=4     	Black=1      Best:        	White=1     	---} 1/2-1/2

[Event "Serbian League 2024"]
[Site "Bajina Basta"]
[Date "2024.10.01"]
[Round "5.8"]
[White "Markus, Robert"]
[Black "Yilmaz, Baver"]
[Result "1-0"]
[Annotator "TA"]
[ECO "A23"]
[WhiteElo "2586"]
[BlackElo "2202"]
[PlyCount "87"]
[EventDate "2024.09.26"]
[EventType "team-tourn"]
[EventCountry "SRB"]
[SourceTitle "playchess.com"]
[Source "ChessBase"]
[SourceQuality "1"]
[TimeControl "40/5400+30:1800+30"]

1. c4 e5 2. Nc3 Nf6 3. g3 c6 4. Nf3 e4 5. Nd4 d5 6. cxd5 cxd5 7. Bg2 Nc6 8. Nxc6 bxc6 9. d3 exd3 10. Qxd3 Be7 11. O-O O-O 12. Bf4 a5 13. Rfd1 Ba6 (13... a4 $11) 14. Qc2 $14 {[%emt 0:06:34] White is more active.} Qb6 15. Be3 Qb7 16. Bd4 Rfe8 17. e4 dxe4 18. Nxe4 Nd5 19. a3 h6 20. Rac1 Bb5 21. Bc5 Rac8 {[%emt 0:10:38] Black is on the road to losing.} (21... a4 $14) 22. a4 $16 Ba6 {[%emt 0:01:13] [#]} 23. Bxe7 $1 Qxe7 24. Qc5 {[%emt 0:00:10] Black must now prevent Nd6.} Qxc5 25. Rxc5 Red8 {[%emt 0:01:40][%cal Od5f4] Repels Nd6} 26. Rxa5 Nb4 27. Rxd8+ Rxd8 28. h4 Bc4 29. Ra7 Rd1+ 30. Kh2 Bd5 (30... g6 $142 31. Rd7 Rc1 (31... Rxd7 $2 32. Nf6+ Kg7 33. Nxd7 $18)) 31. a5 {[%emt 0:02:16] And now Nc3 would win.} Ra1 32. Nd6 Nd3 (32... Be6 {was necessary.} 33. Ra8+ Kh7) 33. Bxd5 cxd5 $18 {[%emt 0:00:20][%mdl 4096] Endgame. KRN-KRN} 34. a6 (34. Nxf7 $6 Nxb2 35. Nd8 Nd3 $16) 34... Nxf2 35. Ra8+ (35. Rxf7 Ng4+ 36. Kg2 (36. Kh3 Ne3 $11) 36... Rxa6 $11) (35. Nxf7 d4 $14) 35... Kh7 36. a7 (36. Nxf7 d4 37. h5 g5 $16) 36... d4 $2 (36... Ng4+ 37. Kg2 Ra5) 37. Nb5 {[%emt 0:02:13] White is clearly winning.} ({Not} 37. Nxf7 d3 38. Rh8+ Kg6 39. Ne5+ (39. a8=B $2 {perishes.} d2 $19) (39. a8=Q Rxa8 40. Rxa8 d2 $16) 39... Kf5 40. Nxd3 (40. a8=B $2 d2 $19) (40. a8=Q Rxa8 41. Rxa8 d2 $16) 40... Ng4+ 41. Kg2 Rxa7 $16) 37... Ng4+ 38. Kh3 f5 39. Re8 {[%emt 0:01:07][%cal Ob5a3] [#] Strongly threatening Na3!} Ne3 40. a8=Q Rxa8 41. Rxa8 d3 42. Rd8 Nd1 43. b4 ({Less strong is} 43. Rxd3 Nf2+ 44. Kg2 Nxd3 $16) 43... Nb2 44. Nc3 {[%emt 0:00:20] Weighted Error Value: White=0.07 (flawless) /Black=0.43.  Mistake:       	---       	Black=5      Inaccurate:     	White=1     	Black=3      OK:         	White=9     	Black=8      Best:        	White=4     	---        Strong:       	White=1     	---} 1-0

[Event "Serbian League 2024"]
[Site "Bajina Basta"]
[Date "2024.10.01"]
[Round "5.9"]
[White "Szalai, Kornel"]
[Black "Perunovic, Milos"]
[Result "0-1"]
[Annotator "RC"]
[ECO "D32"]
[WhiteElo "2388"]
[BlackElo "2525"]
[PlyCount "58"]
[EventDate "2024.09.26"]
[EventType "team-tourn"]
[EventCountry "SRB"]
[SourceTitle "playchess.com"]
[Source "ChessBase"]
[SourceQuality "1"]
[TimeControl "40/5400+30:1800+30"]

1. Nf3 Nf6 2. c4 e6 3. e3 d5 4. Nc3 c5 5. cxd5 exd5 6. d4 a6 7. Be2 Nc6 8. O-O Bd6 9. b3 O-O 10. dxc5 Bxc5 11. Bb2 Ba7 12. Qd3 Be6 13. Rfd1 Qe7 14. Rac1 Rad8 15. Na4 Ne4 16. Nd4 Ne5 17. Qb1 Qh4 18. g3 Qh6 19. Nc3 Nxf2 20. Kxf2 Qxh2+ 21. Ke1 Qxg3+ 22. Kd2 Bxd4 23. exd4 Qf4+ 24. Ke1 Qh4+ 25. Kd2 Qxd4+ 26. Ke1 Qh4+ 27. Kd2 Qf4+ 28. Ke1 Bf5 29. Qa1 Qe3 0-1

[Event "Serbian League 2024"]
[Site "Bajina Basta"]
[Date "2024.10.01"]
[Round "5.10"]
[White "Ivanisevic, Ivan"]
[Black "Farkas, Tibor"]
[Result "1-0"]
[Annotator "TA"]
[ECO "E70"]
[WhiteElo "2519"]
[BlackElo "2209"]
[PlyCount "59"]
[EventDate "2024.09.26"]
[EventType "team-tourn"]
[EventCountry "SRB"]
[SourceTitle "playchess.com"]
[Source "ChessBase"]
[SourceQuality "1"]
[TimeControl "40/5400+30:1800+30"]

1. d4 Nf6 2. c4 g6 3. Nc3 Bg7 4. e4 d6 5. Bd3 O-O 6. Nge2 Nc6 7. Bg5 h6 8. Bd2 e5 9. d5 {[%emt 0:00:09] Weiß hat minimalen Vorteil.} Nd4 10. O-O Nd7 11. Bb1 Nxe2+ (11... c5 $11) 12. Qxe2 $14 a5 13. Bc2 Nc5 14. Be3 f5 15. exf5 gxf5 16. f3 Bd7 17. Kh1 Qh4 18. g3 Qh3 19. Rae1 b6 20. Rg1 Rf7 21. g4 (21. Ref1 {vereinfacht} Raf8 22. Nb5 Bc8 23. a3) 21... e4 $2 {[%emt 0:05:51][%mdl 8192] [#] Das Aus für Schwarz.} 22. Rg3 $1 $18 exf3 (22... Qh4 {ist eine bessere Verteidigung.}) 23. Qf2 Qh4 {[%emt 0:01:35] Droht stark ...f4.} 24. gxf5 {[%emt 0:00:09][%cal Og3g7] Und jetzt Rxg7+! wäre schön.} (24. Qxf3 $2 fxg4 25. Qd1 Be5 $19) 24... Kh8 25. Reg1 ({Schwächer ist} 25. Rxf3 Qxf2 26. Rxf2 (26. Bxf2 Raf8 $16) 26... Bf6 $16) (25. Qxf3 Be5 $16) 25... Raf8 26. Qxf3 ({Schlechter ist} 26. Rxf3 Qxf2 27. Rxf2 Bxf5 $11) 26... Bxf5 27. Bxf5 Rxf5 28. Qg2 Bxc3 29. Rg8+ Kh7 30. Qg6# {[%emt 0:00:05] Gewichteter Fehlerwert: Weiß=0.05 (makellos) /Schwarz=0.69.  Verlustzug:     	---       	Schwarz=1     Fehler:       	---       	Schwarz=2     Ungenau:       	Weiß=3     	Schwarz=2     OK:         	Weiß=8     	Schwarz=10    Bester:       	Weiß=2     	---        Stark:        	Weiß=1     	---} 1-0

[Event "Serbian League 2024"]
[Site "Bajina Basta"]
[Date "2024.10.01"]
[Round "5.11"]
[White "Juhasz, Bence R"]
[Black "Lazic, Miroljub"]
[Result "1-0"]
[Annotator "RC"]
[ECO "C75"]
[WhiteElo "2266"]
[BlackElo "2314"]
[PlyCount "97"]
[EventDate "2024.09.26"]
[EventType "team-tourn"]
[EventCountry "SRB"]
[SourceTitle "playchess.com"]
[Source "ChessBase"]
[SourceQuality "1"]
[TimeControl "40/5400+30:1800+30"]

1. e4 e5 2. Nf3 Nc6 3. Bb5 Nge7 4. c3 a6 5. Ba4 d6 6. O-O Bd7 7. d4 Ng6 8. Nbd2 Be7 9. Re1 Nh4 10. Bxc6 Nxf3+ 11. Qxf3 Bxc6 12. dxe5 dxe5 13. Nc4 f6 14. Rd1 Qc8 15. Ne3 Qe6 16. Nf5 Bf8 17. Ne3 Bd6 18. Nd5 O-O 19. Be3 Rf7 20. c4 Bf8 21. Rd2 Be8 22. Rad1 Rd7 23. h3 b5 24. c5 c6 25. Nb6 Rxd2 26. Rxd2 Rb8 27. b3 Be7 28. Qd1 g6 29. f3 f5 30. exf5 gxf5 31. b4 f4 32. Bf2 Qf5 33. Kh2 Qe6 34. a4 Bh5 35. axb5 axb5 36. Qe1 Bg6 37. Bh4 Bf8 38. Nd7 Rc8 39. Qxe5 Qxe5 40. Nxe5 Bg7 41. Nxg6 hxg6 42. Re2 Bc3 43. Be1 Bf6 44. h4 g5 45. Kh3 Kf7 46. hxg5 Bxg5 47. Kg4 Rg8 48. Kf5 Bh6 49. Bh4 1-0

[Event "Serbian League 2024"]
[Site "Bajina Basta"]
[Date "2024.10.01"]
[Round "5.12"]
[White "Miljkovic, Miroslav D"]
[Black "Kecskemeti, Arpad"]
[Result "1-0"]
[Annotator "RC"]
[ECO "E60"]
[WhiteElo "2420"]
[BlackElo "2236"]
[PlyCount "73"]
[EventDate "2024.09.26"]
[EventType "team-tourn"]
[EventCountry "SRB"]
[SourceTitle "playchess.com"]
[Source "ChessBase"]
[SourceQuality "1"]
[TimeControl "40/5400+30:1800+30"]

1. Nf3 Nf6 2. c4 g6 3. b3 c5 4. Bb2 Bg7 5. g3 O-O 6. Bg2 Nc6 7. O-O d6 8. d4 cxd4 9. Nxd4 Bd7 10. Nc2 Qc8 11. Re1 Rb8 12. Nc3 a6 13. Ne3 b5 14. Rc1 b4 15. Na4 Na5 16. Nd5 Nxd5 17. cxd5 Qb7 18. Bxg7 Kxg7 19. Qd4+ f6 20. Nb2 Qb6 21. Qxb6 Rxb6 22. Rc7 Rd8 23. Rec1 Nb7 24. R1c6 Bxc6 25. dxc6 Na5 26. Rxe7+ Kf8 27. Rxh7 Rxc6 28. Bxc6 Nxc6 29. Nd3 a5 30. Nf4 Kg8 31. Rc7 Nd4 32. Nxg6 Nxe2+ 33. Kf1 Nc3 34. h4 Rb8 35. h5 Rb5 36. h6 Rh5 37. Rg7# 1-0

[Event "Serbian League 2024"]
[Site "Bajina Basta"]
[Date "2024.10.01"]
[Round "5.13"]
[White "Benkovic, Petar"]
[Black "Adhiban, B.."]
[Result "1/2-1/2"]
[Annotator "TA"]
[ECO "A34"]
[WhiteElo "2362"]
[BlackElo "2537"]
[PlyCount "52"]
[EventDate "2024.09.26"]
[EventType "team-tourn"]
[EventCountry "SRB"]
[SourceTitle "playchess.com"]
[Source "ChessBase"]
[SourceQuality "1"]
[TimeControl "40/5400+30:1800+30"]

1. Nf3 b6 2. c4 Bb7 3. Nc3 c5 4. e3 g6 5. d4 Bg7 6. d5 Bxc3+ 7. bxc3 d6 8. e4 Nd7 9. Be3 Qc7 10. a4 a5 11. Nd2 O-O-O 12. Be2 Ngf6 13. Qc2 h6 14. O-O-O g5 15. h4 Rhg8 16. hxg5 hxg5 17. Rh6 Ne5 18. f3 $1 {[%emt 0:02:46][%cal Bf2f3,Bf3f4][%mdl 32] Es drohte Nfg4} Ba6 19. Rdh1 Kb7 20. Kb2 Ka7 21. Kb3 Ned7 22. Nf1 g4 23. f4 e6 24. Ng3 Rge8 {[%emt 0:05:18] Droht ...exd5 und aus.} 25. Bf2 {[%emt 0:03:33] Weiß steht aktiver.} Re7 {[%emt 0:12:47] [#]} (25... Rc8 $16) 26. Ka3 (26. Nh5 $1 $18 {[%cal Rh5f6] ist der präzise Gewinnweg.} Nxh5 27. R1xh5 (27. R6xh5 Rde8 $11)) 26... Rde8 {[%emt 0:07:19] Gewichteter Fehlerwert: Weiß=0.17 (sehr präzise) /Schwarz=0.19 (sehr präzise) .  Fehler:       	Weiß=1     	Schwarz=1     Ungenau:       	Weiß=2     	Schwarz=1     OK:         	Weiß=7     	Schwarz=3     Stark:        	Weiß=1     	---} 1/2-1/2

[Event "Serbian League 2024"]
[Site "Bajina Basta"]
[Date "2024.10.01"]
[Round "5.14"]
[White "Can, Emre"]
[Black "Eren, Ataberk"]
[Result "1/2-1/2"]
[Annotator "TA"]
[ECO "C11"]
[WhiteElo "2547"]
[BlackElo "2386"]
[PlyCount "131"]
[EventDate "2024.09.26"]
[EventType "team-tourn"]
[EventCountry "SRB"]
[SourceTitle "playchess.com"]
[Source "ChessBase"]
[SourceQuality "1"]
[TimeControl "40/5400+30:1800+30"]

1. e4 e6 2. d4 d5 3. Nc3 Nf6 4. e5 Nfd7 5. f4 c5 6. Nf3 Nc6 7. Be3 Be7 8. Qd2 O-O 9. dxc5 Qa5 10. a3 a6 11. Qd1 f6 12. exf6 Bxf6 13. Qd2 Nxc5 14. O-O-O Bxc3 15. Qxc3 Qxc3 16. bxc3 Ne4 17. c4 b5 18. cxd5 exd5 19. Rxd5 Be6 20. Rd1 Rac8 21. g3 Bg4 22. Bg2 b4 23. Rd3 bxa3 24. Rxa3 Nb4 25. Nd4 Nc3 26. Bd2 Ne2+ 27. Kb1 $1 (27. Nxe2 $2 Rxc2+ 28. Kb1 (28. Kd1 $2 Rd8 $19) 28... Rxd2 $19) 27... Nxd4 28. Bxb4 Rfd8 29. c3 (29. Rxa6 Rxc2 (29... Nxc2 30. Ba5 $11) 30. Be4 Re2 $17) 29... Bf5+ $1 30. Kc1 Nb5 (30... Nc2 31. Bh3 Be4 (31... Nxa3 32. Bxf5 Rc6 33. Bxa3 $16) 32. Be6+ (32. Rxa6 $2 Nxb4 33. Bxc8 Nd3+ 34. Kc2 Nxf4+ 35. Kb3 Bxh1 $19) 32... Kh8 33. Bxc8 (33. Rxa6 $2 Nxb4 34. Bxc8 Nxa6 $19) 33... Rxc8 (33... Bxh1 $2 34. Kxc2 Be4+ 35. Kb2 $18) 34. Rd1 Nxb4 35. Kd2 $11) (30... Ne2+ $5 31. Kb2 Nxg3 (31... Rd2+ 32. Ka1 $17) 32. hxg3 Rd2+ 33. Ka1 Rxg2 34. Rxa6 Rxg3 $17) 31. Ra5 Nxc3 32. Rxf5 Na2+ 33. Kb2 Nxb4 34. Kb3 Rb8 35. Kc4 Nc2 36. Bd5+ Kh8 37. Kd3 Rbc8 38. Rb1 a5 39. Rb2 (39. Re5 $11) 39... Nb4+ 40. Ke4 Rc3 ({Of course not} 40... Nxd5 $6 41. Rxd5 Rxd5 42. Kxd5 $11) (40... g6 $1 $17 41. Rg5 Rc3 (41... Nxd5 42. Rxd5 Rxd5 43. Kxd5 $11) (41... h6 42. Re5 $15)) 41. Bf7 $11 Ra3 42. Rb5 g6 43. Rb3 Ra1 44. Rc3 Kg7 {[%emt 0:02:30] [#]} (44... Rd7 $11 {remains equal.} 45. Bc4 Rc7) 45. Rb7 (45. Rc7 $1 $16 Rad1 46. Bc4+ (46. Rxa5 R1d4+ 47. Kf3 Rd3+ 48. Kg4 R3d7 $14) 46... R1d7 47. Rxd7+ Rxd7 48. Rxa5) 45... Rad1 46. Bb3+ (46. Rcc7 $5 Na6 $8 47. Rc6 $11) 46... R1d7 47. Rcc7 Re8+ 48. Kf3 Rxc7 49. Rxc7+ Kh8 $1 50. Kg4 Re3 51. Bc4 h6 52. Ra7 Rc3 53. Bf7 Nc6 {[%emt 0:02:07] [#]} 54. Ra6 ({Not} 54. Rc7 $2 Ne5+ 55. fxe5 Rxc7 56. Bxg6 a4 $19) (54. Rb7 $142 $1 Nd8 55. Rb8) 54... Kg7 $16 55. Be8 Ne7 56. Rxa5 Rc8 57. Ba4 Rc7 58. Re5 Ng8 59. Re3 Nf6+ 60. Kf3 g5 61. Bb3 gxf4 62. gxf4 Kg6 63. Rd3 (63. Ba4 $14) 63... Kg7 (63... Kf5 $1 $11) 64. h3 Kg6 65. Be6 Rc1 66. Bg4 1/2-1/2